 Dungeon Crawl Stone Soup version 0.26-a0-663-g36e8fdb655 (webtiles) character file.

Game seed: 10450231134619299415

86 somkeydreadnuts the Ducker (level 4, -2/34 HPs)
             Began as a Deep Dwarf Transmuter on Oct 12, 2020.
             Slain by a worm (4 damage)
             ... on level 2 of the Dungeon on Oct 13, 2020.
             The game lasted 00:08:01 (1384 turns).

somkeydreadnuts the Ducker (Deep Dwarf Transmuter)  Turns: 1384, Time: 00:08:01

Health: -2/34      AC:  6    Str: 14    XL:     4   Next: 27%
Magic:  0/7        EV: 12    Int: 14    God:
Gold:   55         SH:  0    Dex: 13    Spells: 4/7 levels left

rFire    . . .     SeeInvis .   i - +0 dagger
rCold    + . .     Faith    .   (no shield)
rNeg     . . .     Spirit   +   e - +0 ring mail
rPois    .         Reflect  .   (no helmet)
rElec    .         Harm     .   p - +0 cloak
rCorr    .         Rampage  .   (no gloves)
MR       .....                  (no boots)
Stlth    +.........             b - amulet of guardian spirit
HPRegen  0.00/turn              (no ring)
MPRegen  0.10/turn              (no ring)

@: non-regenerating
A: damage resistance, heal wounds, cold resistance 1, frail 1, sense
surroundings 1, MP-powered wands, no regeneration
a: Heal Wounds


You were on level 2 of the Dungeon.
You visited 1 branch of the dungeon, and saw 2 of its levels.

You collected 55 gold pieces.

Inventory:

Hand Weapons
 i - a +0 dagger (weapon)
Armour
 a - a +0 robe
 d - a +0 helmet
 e - a +0 ring mail (worn)
 p - a +0 cloak (worn)
Jewellery
 b - an amulet of guardian spirit (around neck)
 k - a +4 ring of evasion {unknown}
Scrolls
 c - a scroll of fear {unknown}
 h - a scroll of blinking {unknown}
 l - 2 scrolls of identify {unknown}
 o - a scroll of enchant armour {unknown}
Potions
 f - a potion of curing
 g - a potion of degeneration {unknown}
 j - a potion of heal wounds {unknown}
 m - a potion of stabbing {unknown}
 n - a potion of brilliance {unknown}


   Skills:
 + Level 1.2 Fighting
 + Level 0.5 Short Blades
 + Level 2.1 Armour
 + Level 3.2 Dodging
 + Level 0.2 Stealth
 + Level 3.0 Unarmed Combat
 + Level 2.0 Spellcasting
 + Level 2.0 Transmutations


You had 4 spell levels left.
You knew the following spells:

 Your Spells              Type           Power        Failure   Level
a - Beastly Appendage     Tmut           #.....       21%         1
b - Wereblood             Tmut           #.......     30%         2

Your spell library contained the following spells:

 Spells                   Type           Power        Failure   Level
 Spider Form              Tmut/Pois      #.........   67%         3
 Ice Form                 Ice/Tmut       #.......     97%         4
 Blade Hands              Tmut           #.........   99%         5


Dungeon Overview and Level Annotations

Branches:
Dungeon (2/15)

Altars:


Innate Abilities, Weirdness & Mutations

You are resistant to damage.
You can heal yourself by infusing magical energy.
You passively map a small area around you.
You do not regenerate.
Your flesh is cold resistant. (rC+)
You are frail. (-10% HP)
You expend magic power (3 MP) to strengthen your wands.


Message History

The worm closely misses you.
You hit the worm.
The worm is heavily wounded.
The worm barely misses you.
You hit the worm.
The worm is severely wounded.
You hit the worm.
The worm is almost dead.
The worm bites you!
* * * LOW HITPOINT WARNING * * *
You hit the worm.
The worm is almost dead.
You hit the worm but do no damage.
The worm is almost dead.
The worm bites you.
* * * LOW HITPOINT WARNING * * *
You hit the worm.
The worm is almost dead.
The worm bites you!
You die...

.# #.####.# #..#
.# #......# #..#
.########.# #..#
..........#####..#
.########........#
* ## #.######.# ,
, *#.#
####.####### ####
* *...
#........... ....
..,#.#.@##..#..
#### * ,
#,#.w....#,,
##....## *, #....#
* * , ,##..## , ,
* , *..# * ### , ,
* , , , , * , * *


You could see a worm.

Vanquished Creatures
  Robin (D:2)
  2 adders (D:2)
  2 dart slugs (D:1)
  3 giant cockroaches
  13 goblins
  8 hobgoblins
  A kobold (D:2)
  A quokka (D:2)
  9 bats
  4 frilled lizards
  6 rats
50 creatures vanquished.

Vanquished Creatures (others)
  A kobold (D:1)
1 creature vanquished.

Grand Total: 51 creatures vanquished

Notes
Turn   | Place    | Note
-------+----------+-------------------------------------------
     0 | D:1      | somkeydreadnuts the Deep Dwarf Transmuter began the quest
                  | for the Orb.
     0 | D:1      | Reached XP level 1. HP: 16/16 MP: 3/3
    60 | D:1      | Reached skill level 1 in Fighting
   143 | D:1      | Reached XP level 2. HP: 18/25 MP: 0/4
   539 | D:1      | Reached XP level 3. HP: 12/31 MP: 0/6
   824 | D:1      | Gained mutation: You expend magic power (3 MP) to
                  | strengthen your wands. [potion of mutation]
   824 | D:1      | Gained mutation: You are frail. (-10% HP) [potion of
                  | mutation]
   824 | D:1      | Gained mutation: Your flesh is cold resistant. (rC+)
                  | [potion of mutation]
   892 | D:2      | Reached skill level 1 in Armour
  1020 | D:2      | Learned a level 2 spell: Wereblood
  1036 | D:2      | Noticed Robin
  1087 | D:2      | Killed Robin
  1149 | D:2      | Reached XP level 4. HP: 7/34 MP: 0/7
  1384 | D:2      | Slain by a worm

Illustrated notes

Levels and vault maps discovered:
D:1:      evilmike_arrival_crescent, layout_basic, minmay_octomino_j4
D:2:      layout_loops_ring, minmay_misc_feat_x, uniq_robin

Skill      XL: |  1  2  3 |
---------------+----------+-----
Fighting       | 1 |  1.2
Transmutations | 2 |  2.0
Spellcasting   | 2 |  2.0
Unarmed Combat | 3 |  3.0
Armour         | 2 |  2.1
Dodging        | 3 |  3.2
Short Blades   | |  0.5
Stealth        | |  0.2

Action                   |  1- 3 |  4- 6 || total
-------------------------+-------+-------++-------
Melee: Unarmed           |    52 |       ||    52
       Dagger            |   205 |    77 ||   282
       Punch             |     1 |     2 ||     3
 Abil: Heal Wounds       |       |     1 ||     1
  Use: Potion            |     4 |       ||     4
Armor: Ring mail         |   147 |    23 ||   170
       Robe              |     7 |       ||     7
Dodge: Dodged            |   241 |    44 ||   285

Table legend: (Time is in decaauts)
 A = Elapsed time spent in this place.
 B = Non-inter-level travel time spent in this place.
 C = Inter-level travel time spent in this place.
 D = Time resting spent in this place.
 E = Time spent auto-exploring this place.
 F = Levels seen in this place.
 G = Mean time per level.
                   A        B        C        D        E       F      G
               +--------+--------+--------+--------+--------+-----+--------+
         Total |   1358 |   1239 |    119 |      0 |    709 |   2 |  679.0 |
       Dungeon |   1358 |   1239 |    119 |      0 |    709 |   2 |  679.0 |
               +--------+--------+--------+--------+--------+-----+--------+

Top non-repeatable levels by time:
     D:1: 841 daAuts
     D:2: 516 daAuts
